 Dungeon Crawl Stone Soup version 0.31.0-12-g77e489cdc1 (webtiles) character file.

Game seed: 12041089910681093751

2072 PriceMaster the Trooper (level 9, -2/75 HPs)
             Began as a Minotaur Fighter on Feb 17, 2024.
             Slain by a gnoll
             ... wielding a +0 flail
             ... led by a gnoll bouda
              (10 damage)
             ... on level 7 of the Dungeon.
             The game lasted 00:09:43 (6028 turns).

PriceMaster the Trooper (Minotaur Fighter)          Turns: 6028, Time: 00:09:43

Health: -2/75      AC:  6    Str: 35    XL:     9   Next: 5%
Magic:  8/8        EV: 13    Int:  3    God:
Gold:   194        SH:  5    Dex: 15    Spells: 8/8 levels left

rFire   . . .        d - +1 rapier (drain)
rCold   . . .        c - +0 buckler
rNeg    . . .        e - +3 leather armour of the Harp {Regen+ rCorr Str+3 Int-2}
rPois   .            (helmet currently unavailable)
rElec   .            (cloak currently unavailable)
rCorr   +            (gloves currently unavailable)
SInv    .            (boots currently unavailable)
Will    .....        (no amulet)
Stlth   ++           i - +6 ring of strength
HPRegen 1.12/turn    l - +6 ring of dexterity
MPRegen 0.11/turn

%: no passive effects
@: about to teleport, beast-form, weakened
A: beast (slay +2), horns 2, retaliatory headbutt, hooves 1, MP-powered wands,
noise suppression
a: Begin Untransformation


You were on level 7 of the Dungeon.
You were a hulking beast.
You visited 1 branch of the dungeon, and saw 7 of its levels.
You also visited: Sewer.

You collected 194 gold pieces.

Inventory:

Hand Weapons
 a - a +0 long sword
 d - a +1 rapier of draining (weapon)
Missiles
 p - a throwing net (quivered)
Armour
 b - a +1 scale mail
 c - a +0 buckler (worn)
 e - the +3 leather armour of the Harp (worn) {Regen+ rCorr Str+3 Int-2}
   (You found it on level 3 of the Dungeon)

   Str+3:     It affects your strength (+3).
   Int-2:     It affects your intelligence (-2).
   Regen+:    It increases your rate of health regeneration.
   rCorr:     It protects you from acid and corrosion.
 j - a +0 cloak
 q - a +0 pair of gloves
Jewellery
 i - a +6 ring of strength (left hand)
 l - a +6 ring of dexterity (right hand)
 z - a +5 ring of evasion
Talismans
 g - a storm talisman
 h - a beast talisman (active)
Wands
 v - a wand of roots (14)
 x - a wand of mindburst (9)
Scrolls
 k - a scroll of vulnerability {unknown}
 n - 2 scrolls of amnesia
 o - a scroll of poison
 s - a scroll of teleportation
 w - 2 scrolls of immolation {unknown}
 y - a scroll of blinking {unknown}
Potions
 f - a potion of enlightenment
 t - a potion of resistance {unknown}
 A - a potion of haste {unknown}


   Skills:
 + Level 6.0 Fighting
 + Level 5.8(6.6) Short Blades
 + Level 5.2(6.7) Long Blades
 + Level 5.2 Armour
 + Level 4.1 Dodging
 + Level 1.3 Stealth
 + Level 5.9 Shields
 * Level 4.3 Shapeshifting


You had 8 spell levels left.
You didn't know any spells.
Your spell library contained the following spells:

 Spells                   Type           Power      Damage    Failure   Level
 Sting                    Conj/Alch      0%         1d3       58%         1
 Jinxbite                 Hex            0%         N/A       75%         2
 Lesser Beckoning         Tloc           0%         N/A       75%         2
 Mercury Vapours          Alch/Air       0%         N/A       75%         2
 Gell's Gravitas          Tloc           0%         N/A       92%         3
 Mephitic Cloud           Conj/Alch/Air  0%         N/A       92%         3
 Teleport Other           Tloc           0%         N/A       92%         3
 Olgreb's Toxic Radiance  Alch           0%         N/A       100%        4
 Freezing Cloud           Conj/Ice/Air   0%         6-21      100%        5
 Yara's Violent Unravell  Hex/Alch       0%         3d3       100%        5
 Enfeeble                 Hex            0%         N/A       100%        7


Dungeon Overview and Level Annotations

Branches:
Dungeon (6/15)             Temple (0/1) D:5           Sewer (visited)

Altars:

Shops:
D:4 *

Annotations:
D:4 2 transporters


Innate Abilities, Weirdness & Mutations

You are a hulking beast.
Your limbs bulge with bestial killing power. (Slay +2)
You have a pair of horns on your head.
You reflexively headbutt those who attack you in melee.
You have large cloven feet.
You expend magic power (3 MP) to strengthen your wands.
You passively dampen the noise of your surroundings.


Message History

* * * LOW HITPOINT WARNING * * *
The gnoll bouda barely misses you.
The gnoll hits you from afar with a +0 spear.
* * * LOW HITPOINT WARNING * * *
You feel much better. The gnoll hits you with a +0 flail!
* * * LOW HITPOINT WARNING * * *
A magic dart appears from out of thin air!
The magic dart hits you.
* * * LOW HITPOINT WARNING * * *
The orc warrior barely misses you. You furiously retaliate!
You headbutt the orc warrior, but do no damage.
The gnoll bouda hits you with a +0 whip.
* * * LOW HITPOINT WARNING * * *
You block the gnoll's attack.
You feel much better.
Your attacks no longer feel as feeble.
The gnoll hits you but does no damage. Something hits you.
The orc warrior hits you but does no damage.
The gnoll bouda gazes fiercely through you!
You feel your attacks grow feeble. The gnoll bouda barely misses you.
The gnoll hits you from afar with a +0 spear.
You hit the orc warrior.
You kill the orc warrior!
The gnoll hits you with a +0 flail.
* * * LOW HITPOINT WARNING * * *
A magic dart appears from out of thin air!
The magic dart hits you!
* * * LOW HITPOINT WARNING * * *
The gnoll bouda calls upon its god to heal the gnoll.
The gnoll is healed somewhat.
The gnoll hits you from afar with a +0 spear.
* * * LOW HITPOINT WARNING * * *
Aiming: Fastroot
Press: ? - help, Shift-Dir - straight line
Okay, then.
Okay, then.
As you read the scroll of teleportation, it crumbles to dust.
You feel strangely unstable. The gnoll hits you with a +0 flail!
You die...

~.~~~~~~ ..~....
....... ..... ..P....
#...# #...... . #PP.#
#..... ... #...# +...#
#..##+#...####...# .
#....{)).........+ ..
+...[gh..........####..
#...gg).#####..........
.....P#### #..........
..♣..♣ +..).......
...♣# +...)...... .♣
####))..... ##
##.)..P...
#.####...♣.♣...
##))..P#♣.♣.♣.#


You could see a gnoll bouda and 2 gnolls.

Vanquished Creatures
  A steam dragon (D:6)
  Menkaure (D:6)
  A water moccasin (D:5)
  An ice beast (D:6)
  A black bear (D:6)
  4 ogres
  An orc warrior (D:7)
  A phantom (D:5)
  2 kobold brigands (Sewer)
  A scorpion (D:5)
  The ghost of Arctor the Firebug, a weakling DEFE (D:3)
  2 hounds
  2 jellies
  A gnoll bouda (D:7)
  An orc priest (D:3)
  2 sleepcaps (D:5)
  Jessica (D:2)
  An iguana (D:5)
  Natasha (thrice) (D:2)
  4 orc wizards (D:5)
  10 gnolls
  9 adders
  5 river rats (Sewer)
  An adder skeleton (D:2)
  5 dart slugs
  2 ribbon worms
  15 orcs
  5 endoplasms
  8 giant cockroaches
  7 goblins
  7 hobgoblins
  2 jackals (D:3)
  7 quokkas
  12 ball pythons
  A ball python skeleton (D:2)
  5 bats
  5 frilled lizards
  14 kobolds
  20 rats
172 creatures vanquished.

Vanquished Creatures (others)
  A hobgoblin (D:1)
1 creature vanquished.

Grand Total: 173 creatures vanquished

Notes
Turn   | Place    | Note
-------+----------+-------------------------------------------
     0 | D:1      | PriceMaster the Minotaur Fighter began the quest for the
                  | Orb.
     0 | D:1      | Reached XP level 1. HP: 19/19 MP: 0/0
   261 | D:1      | Reached XP level 2. HP: 27/27 MP: 1/1
   616 | D:1      | Reached skill level 4 in Fighting
  1069 | D:2      | Reached XP level 3. HP: 33/33 MP: 2/2
  1070 | D:2      | Noticed Natasha
  1077 | D:2      | Killed Natasha
  1080 | D:2      | Reached XP level 4. HP: 22/40 MP: 3/3
  1134 | D:2      | Noticed Natasha
  1143 | D:2      | Killed Natasha
  1144 | D:2      | Reached skill level 1 in Shapeshifting
  1205 | D:2      | Noticed Jessica
  1217 | D:2      | Killed Jessica
  1383 | D:2      | Noticed Natasha
  1393 | D:2      | Killed Natasha
  1394 | D:2      | Reached XP level 5. HP: 47/47 MP: 4/4
  1632 | D:2      | Gained mutation: Your natural rate of healing is unusually
                  | fast. [potion of mutation]
  1632 | D:2      | Lost mutation: Your natural rate of healing is unusually
                  | fast. [potion of mutation]
  1632 | D:2      | Gained mutation: You do not regenerate when monsters are
                  | visible. [potion of mutation]
  1822 | D:3      | Identified the +3 leather armour of the Harp {Regen+ rCorr
                  | Str+3 Int-2}
  1842 | D:3      | Reached skill level 1 in Dodging
  2199 | D:3      | Found a runed translucent door.
  2202 | D:3      | Noticed Arctor's ghost (weakling DEFE)
  3449 | D:3      | Killed Arctor's ghost
  3450 | D:3      | Reached XP level 6. HP: 53/53 MP: 5/5
  3743 | D:4      | Found Tuxtion's Assorted Antiques.
  3891 | D:4      | Found a transporter.
  3908 | D:4      | Noticed a kobold demonologist
  3915 | D:4      | Found a transporter.
  4568 | D:5      | Entered Level 5 of the Dungeon
  4592 | D:5      | Found a staircase to the Ecumenical Temple.
  4630 | D:5      | Reached skill level 5 in Long Blades
  4675 | D:5      | Reached skill level 1 in Short Blades
  4675 | D:5      | Reached XP level 7. HP: 29/60 MP: 6/6
  4829 | D:5      | Reached skill level 5 in Fighting
  4874 | D:5      | Found a glowing drain.
  4978 | Sewer    | Entered a sewer
  5073 | Sewer    | Reached skill level 5 in Shields
  5232 | Sewer    | Reached XP level 8. HP: 57/69 MP: 7/7
  5247 | Sewer    | Lost mutation: You do not regenerate when monsters are
                  | visible. [potion of mutation]
  5247 | Sewer    | Gained mutation: You expend magic power (3 MP) to
                  | strengthen your wands. [potion of mutation]
  5247 | Sewer    | Gained mutation: You passively dampen the noise of your
                  | surroundings. [potion of mutation]
  5247 | Sewer    | Gained mutation: You have large cloven feet. [potion of
                  | mutation]
  5766 | D:6      | Noticed Menkaure
  5769 | D:6      | Killed Menkaure
  5770 | D:6      | Reached skill level 5 in Armour
  5770 | D:6      | Reached skill level 1 in Stealth
  5776 | D:6      | Reached skill level 5 in Short Blades
  5897 | D:6      | You fall into a shaft and drop 1 floor!
  5960 | D:7      | Reached skill level 6 in Fighting
  5964 | D:7      | Reached XP level 9. HP: 71/75 MP: 8/8
  6028 | D:7      | Slain by a gnoll

Illustrated notes

Levels and vault maps discovered:
D:1:      spicycebolla_arrival_ecumenical, layout_loops_corners,
          lemuel_flame_loot_1
D:2:      layout_basic, serial_undead, serial_undead_f, serial_undead_f,
          serial_undead_d, serial_undead_c, uniq_natasha, uniq_jessica
D:3:      layout_basic, hellmonk_ghost_happy_afterlife
D:4:      gammafunk_wand_slinger, layout_basic, serial_shops, shop
D:5:      layout_rooms, minmay_temple_entry_junction, portal_sewer_entry_a
D:6:      minmay_bubble_buster, layout_loops_cross, chequers_arboretum,
          uniq_menkaure, uniq_eustachio
D:7:      kennysheep_seaside_town, layout_basic

Skill      XL: |  1  2  3  4  5  6  7  8 |
---------------+-------------------------+-----
Shields        | 4 5 |  5.9
Armour         | 4 5 |  5.2
Fighting       | 4 5 6 |  6.0
Long Blades    | 3 4 5 |  5.2
Shapeshifting  | 1 2 3 4 |  4.3
Dodging        | 1 2 4 |  4.1
Short Blades   | 1 3 5 |  5.8
Stealth        | 1 |  1.3

Action                     |  1- 3 |  4- 6 |  7- 9 || total
---------------------------+-------+-------+-------++-------
  Melee: Long sword        |    68 |   106 |       ||   174
         Headbutt          |    12 |    24 |    32 ||    68
         Rapier            |       |    61 |   189 ||   250
         Kick              |       |       |    38 ||    38
Ability: Begin Untransform |       |     1 |       ||     1
  Evoke: Wand              |       |     1 |       ||     1
    Use: Scroll            |     1 |     7 |     2 ||    10
         Potion            |     1 |     8 |    13 ||    22
   Stab: Distracted        |       |     1 |       ||     1
 Armour: Scale mail        |    70 |    29 |       ||    99
         Skin              |       |     7 |       ||     7
         Leather armour    |       |    46 |   160 ||   206
  Dodge: Dodged            |    43 |    72 |   124 ||   239
  Block: Buckler           |    19 |    35 |    53 ||   107
   Form: Beast             |     1 |     1 |     2 ||     4
         Storm             |       |     1 |     1 ||     2
                           |       |       |     1 ||     1
